Cogmind - Beta 10.2 @@@ ROGUE MODE // 2021.07.07 @ 18:39:30 Player: Abstractlime Result: Destroyed by G-34 Mercenary with Small Laser Performance ------------- Evolutions (1) 500 Regions Visited (3) 600 Robots Destroyed (19) 95 Value Destroyed (599) 599 Prototype IDs (0) 0 Alien Tech Used (0) 0 Bonus (0) 0 TOTAL SCORE: 1794 Bonus ------- None Cogmind --------- Core Integrity 0/400 Matter 296/300 Energy 100/100 System Corruption 0% Temperature Cool (6) Movement Core (300) Ox5 Location -9/Materials Parts ------- > --- POWER (1) -------- (None) > --- PROPULSION (3) --- (None) > --- UTILITY (2) ------ Large Storage Unit ECM Suite > --- WEAPON (3) ------- (None) > --- INVENTORY (10) --- Ion Engine Improved Ion Engine Improved Heat Sink Medium Storage Unit Medium Storage Unit Large Storage Unit Sensor Array Peak State ------------ > --- POWER ------------ Improved Ion Engine > --- PROPULSION ------- Aluminum Leg Aluminum Leg > --- UTILITY ---------- Large Storage Unit ECM Suite > --- WEAPON ----------- Spread Laser Welding Torch Welding Torch > --- INVENTORY -------- Ion Engine Improved Ion Engine Improved Heat Sink Medium Storage Unit Medium Storage Unit Large Storage Unit Sensor Array [Rating: 11] Favorites ----------- Power Ion Engine Engine Ion Engine Propulsion Light Treads Treads Light Treads Leg Aluminum Leg Wheel Compact Wheel Utility ECM Suite Device ECM Suite Storage Large Storage Unit Protection Light Armor Plating Weapon Light Assault Rifle Energy Gun Small Laser Ballistic Gun Light Assault Rifle Special Weapon Welding Torch Build | -11 -10 -10 -9 ------- Run | Scr Mat Min Mat Slots Evolved 2 | . . . 2 Power . | . . . . Propulsion 1 | . . . 1 Utility . | . . . . Weapon 1 | . . . 1 Parts Attached 23 | 6 6 . 11 Power 2 | 1 . . 1 Engine 2 | 1 . . 1 Core . | . . . . Reactor . | . . . . Propulsion 5 | 2 . . 3 Treads 2 | 2 . . . Leg 2 | . . . 2 Wheel 1 | . . . 1 Hover . | . . . . Flight . | . . . . Utility 5 | 1 4 . . Device 1 | . 1 . . Storage 3 | 1 2 . . Processor . | . . . . Hackware . | . . . . Protection 1 | . 1 . . Artifact . | . . . . Weapon 11 | 2 2 . 7 Energy Gun 4 | 1 1 . 2 Energy Cannon . | . . . . Ballistic Gun 2 | 1 1 . . Ballistic Cannon . | . . . . Launcher . | . . . . Special Weapon 5 | . . . 5 Impact Weapon . | . . . . Slashing Weapon . | . . . . Piercing Weapon . | . . . . Special Melee Weapon . | . . . . Unidentified Prototypes . | . . . . Parts Lost 17 | . 1 . 16 Power 2 | . . . 2 Propulsion 5 | . . . 5 Utility . | . . . . Weapon 10 | . 1 . 9 Highest Loss Streak 10 | . 1 . 10 Average Slot Usage (%) 88 | . 99 100 64 Engine 12 | . 14 14 7 Treads 21 | . 28 28 7 Leg 2 | . . . 8 Device 10 | . 8 14 11 Storage 13 | . 14 14 11 Protection 2 | . 5 . . Energy Gun 10 | . 9 14 11 Ballistic Gun 12 | . 18 14 3 Naked Turns . | . . . . Heaviest Build 29 | 12 24 24 29 Greatest Support 40 | 40 40 40 40 Greatest Overweight (x) 7 | . . . 7 Average Overweight (x) . | . . . 1 Largest Inventory Capacity 10 | 6 10 10 10 Average Capacity 8 | 5 7 10 10 Most Carried 10 | 6 10 10 10 Average Carried 7 | 3 7 10 8 Final Capacity 10 | 6 10 10 10 Final Carried 10 | 6 10 10 7 Class Distribution -------------------- 91% | Mutant 8% | Gunner Dominant Class ---------------- Mutant | -10/Materials Mutant | -10/Mines Mutant | -9/Materials Resources | -11 -10 -10 -9 ----------- Run | Scr Mat Min Mat Matter Collected 414 | 249 124 . 41 Remotely . | . . . . Salvage Created 694 | . 561 . 133 Parts 43 | . 36 . 7 Haulers Intercepted . | . . . . Recyclers Shooed . | . . . . Parts Field Recycled . | . . . . Retrieved Matter . | . . . . Parts Self-Destructed . | . . . . Prevented . | . . . . Kills | -11 -10 -10 -9 ------- Run | Scr Mat Min Mat Combat Hostiles Destroyed 17 | . 14 . 3 Guns 17 | . 14 . 3 Classes Destroyed 4 | . 3 . 1 Watcher 2 | . 2 . . Swarmer 3 | . 3 . . Grunt 12 | . 11 . 1 Sentry 2 | . . . 2 Best Kill Streak 4 | . 4 . 2 Combat Bots Only 3 | . 3 . 2 Max Kills in Single Turn 2 | . 2 . 1 Gunslinging . | . . . . Exploded . | . . . . Melee . | . . . . Uniques/NPCs Destroyed . | . . . . Combat | -11 -10 -10 -9 -------- Run | Scr Mat Min Mat Damage Taken 1767 | . 559 . 1208 Core 450 | . 46 . 404 Absorbed by Shields . | . . . . Core Remaining (%) 90 | 100 . 81 . Volleys Fired 68 | . 47 . 21 Largest 3 | . 2 . 3 Hottest 105 | . 60 . 105 Shots Fired 127 | . 92 . 35 Gun 111 | . 92 . 19 Cannon . | . . . . Launcher . | . . . . Special 16 | . . . 16 Kinetic 63 | . 59 . 4 Thermal 41 | . 10 . 31 Explosive . | . . . . Electromagnetic 23 | . 23 . . Robot Hit Streak 19 | . 19 . 12 Robot Miss Streak 8 | . 8 . 4 Penetration Max . | . . . . Secondary Targets 1 | . 1 . . Max Gunslinging Chain 1 | . 1 . . Shots Hit Robots 87 | . 59 . 28 Core Hits 50 | . 32 . 18 Critical Hits . | . . . . Critical Kills . | . . . . Critical Parts Destroyed . | . . . . Melee Attacks . | . . . . Impact . | . . . . Slashing . | . . . . Piercing . | . . . . Sneak Attacks . | . . . . Combat Hostiles . | . . . . Follow-up Attacks . | . . . . Damage Inflicted 812 | . 558 . 254 Guns 783 | . 558 . 225 Cannons . | . . . . Explosions . | . . . . Melee . | . . . . Ramming . | . . . . Kinetic 373 | . 338 . 35 Thermal 292 | . 73 . 219 Explosive . | . . . . Electromagnetic 147 | . 147 . . Impact . | . . . . Slashing . | . . . . Piercing . | . . . . Highest Corruption . | . . . . Average Corruption . | . . . . Corruption Purged . | . . . . Overload Shots . | . . . . Overflow Damage . | . . . . Projectiles . | . . . . Explosions . | . . . . Melee . | . . . . Knockbacks . | . . . . Impact . | . . . . Kinetic . | . . . . Secondary . | . . . . Self-Inflicted Damage . | . . . . Shots . | . . . . Rammed . | . . . . Targets Rammed . | . . . . Kicked . | . . . . Crushed . | . . . . Highest Temperature 166 | . 166 . 155 Average Temperature 55 | . 51 . 64 Received Heat Transfer 822 | . 255 . 567 Siege Activations . | . . . . Robots Corrupted . | . . . . Combat Hostiles . | . . . . Parts Fried . | . . . . Impact Corruptions . | . . . . Robots Melted . | . . . . Combat Hostiles . | . . . . Parts Melted 1 | . . . 1 Heat Transferred 715 | . 175 . 540 Parts Sabotaged . | . . . . Parts Stolen . | . . . . Parts Stripped . | . . . . Power Chain Reactions . | . . . . Missiles Intercepted . | . . . . Alert | -11 -10 -10 -9 ------- Run | Scr Mat Min Mat Peak Influence 294 | . 294 75 75 Initial 75 | . . 75 29 Average 87 | . 141 75 36 Maximum Alert Level 1 | . 1 . . Low Security (%) 91 | 100 81 100 100 Level 1 8 | . 18 . . Level 2 . | . . . . Level 3 . | . . . . Level 4 . | . . . . Level 5 . | . . . . High Security . | . . . . Max Security . | . . . . Squads Dispatched 2 | . 2 . . Investigation 2 | . 2 . . Extermination . | . . . . Reinforcement . | . . . . Assault . | . . . . Garrison . | . . . . Intercept . | . . . . Construction Impeded . | . . . . Haulers Reinforced . | . . . . Stealth | -11 -10 -10 -9 --------- Run | Scr Mat Min Mat Distress Signals 1 | . 1 . . Communications Jammed . | . . . . Distress Signals . | . . . . Times Spotted 26 | . 19 2 5 Peak Tracking Total 4 | . 4 2 3 Tactical Retreats 2 | . 2 . . Traps | -11 -10 -10 -9 ------- Run | Scr Mat Min Mat Traps Triggered 1 | . 1 . . Indirectly . | . . . . Trap Hack Attempts . | . . . . Triggered . | . . . . Disarmed . | . . . . Reprogrammed . | . . . . Reused . | . . . . Traps Extracted . | . . . . Installed . | . . . . Triggered . | . . . . Machines | -11 -10 -10 -9 ---------- Run | Scr Mat Min Mat Machines Disabled . | . . . . Max in Single Turn . | . . . . Machines Sabotaged . | . . . . Garrisons Compromised . | . . . . Overloaded Fab Kills . | . . . . Fab Network Shutdowns . | . . . . Hacking | -11 -10 -10 -9 --------- Run | Scr Mat Min Mat Machines Accessed 1 | . 1 . . Terminals 1 | . 1 . . Fabricators . | . . . . Repair Stations . | . . . . Recycling Units . | . . . . Scanalyzers . | . . . . Garrison Access . | . . . . Total Hacks 3 | . 3 . . Successful . | . . . . Failed 3 | . 3 . . Catastrophic 1 | . 1 . . Database Lockouts . | . . . . Manual . | . . . . Terminals 3 | . 3 . . Fabricators . | . . . . Repair Stations . | . . . . Recycling Units . | . . . . Scanalyzers . | . . . . Garrison Access . | . . . . Terminal Hacks . | . . . . Fabricator Hacks . | . . . . Repair Station Hacks . | . . . . Recycling Unit Hacks . | . . . . Scanalyzer . | . . . . Garrison Access Hacks . | . . . . Unauthorized Hacks . | . . . . Terminals . | . . . . Fabricators . | . . . . Repair Stations . | . . . . Recycling Units . | . . . . Scanalyzers . | . . . . Garrison Access . | . . . . Data Cores Recovered . | . . . . Used . | . . . . Hacking Detections 1 | . 1 . . Full Trace Events 1 | . 1 . . Feedback Events . | . . . . Feedback Blocked . | . . . . Robot Schematics Acquired . | . . . . Robots Built . | . . . . Matter . | . . . . Time . | . . . . Total Robot Build Rating . | . . . . Part Schematics Acquired . | . . . . Parts Built . | . . . . Matter . | . . . . Time . | . . . . Total Part Build Rating . | . . . . Parts Repaired . | . . . . Time . | . . . . Parts Recycled . | . . . . Recycled Matter . | . . . . Retrieved Matter . | . . . . Retrieved Components . | . . . . Parts Scanalyzed . | . . . . Part Schematics Acquired . | . . . . Parts Damaged . | . . . . Bothacking | -11 -10 -10 -9 ------------ Run | Scr Mat Min Mat Used RIF Installer . | . . . . Robots Hacked . | . . . . Non-combat . | . . . . Combat . | . . . . Robot Hacks Applied . | . . . . Relay Couplers Released . | . . . . Robots Rewired . | . . . . Allies Hacked . | . . . . Hacks Repelled . | . . . . Allies | -11 -10 -10 -9 -------- Run | Scr Mat Min Mat Total Allies . | . . . . Largest Group . | . . . . Highest-Rated Group . | . . . . Highest-Rated Ally . | . . . . Total Orders . | . . . . Ally Attacks . | . . . . Total Damage . | . . . . Kills . | . . . . Allies Corrupted . | . . . . Allies Melted . | . . . . Intel | -11 -10 -10 -9 ------- Run | Scr Mat Min Mat Robot Analysis Total . | . . . . Derelict Logs Recovered . | . . . . Drone Launches . | . . . . Drone Recoveries . | . . . . Exploration | -11 -10 -10 -9 ------------- Run | Scr Mat Min Mat Turns Passed 1006 | 93 461 157 295 Spaces Moved 445 | 53 196 89 107 Core 22 | 8 . . 14 Treads 381 | 45 196 89 51 Legs 42 | . . . 42 Wheels . | . . . . Hover . | . . . . Flight . | . . . . Fastest Speed 50 | 50 160 160 150 Average Speed 161 | 143 160 160 176 Slowest Speed 400 | 160 160 160 400 Overloaded Moves . | . . . . Propulsion Burnouts . | . . . . Robots Hopped . | . . . . Cave-ins Triggered . | . . . . Exploration Rate (%) 21 | 5 40 23 16 Regions Visited 3 Branch Regions 1 Pre-discovered Areas . | . . . . Known Exits Taken . | . . . . Unknown Exits Taken 3 | 1 1 1 . Scrap Searched . | . . . . Spaces Dug . | . . . . Terrain Destroyed . | . . . . Melee . | . . . . Projectile . | . . . . AOE . | . . . . Terrain Rammed . | . . . . Walls Destroyed . | . . . . Machines Disabled . | . . . . Actions | -11 -10 -10 -9 --------- Run | Scr Mat Min Mat Total 617 | 70 264 104 179 Wait 49 | . . 16 33 Move 442 | 52 195 88 107 Hop . | . . . . Pick Up 30 | 12 11 . 7 Fast Attach 1 | . . . 1 Attach 18 | 6 2 . 10 Detach . | . . . . Swap 4 | . 4 . . Drop 5 | . 5 . . Fire 68 | . 47 . 21 Melee . | . . . . Ram . | . . . . Kick . | . . . . Crush . | . . . . Escape Stasis . | . . . . Rewire . | . . . . Trap . | . . . . Miscellaneous . | . . . . Route ------- -11/Scrapyard -10/Materials -10/Mines -9/Materials History --------- Turn | Location | Event 12 | -11/Scrapyard | Discovered new exit (range 16) 94 | -11/Scrapyard | Entered Materials 313 | -10/Materials | Build established: Mutant 327 | -10/Materials | Discovered new exit (range 13) 555 | -10/Materials | Entered Mines 559 | -10/Mines | Met a Derelict bent on vengeance 600 | -10/Mines | Discovered new exit (range 15) 712 | -10/Mines | Entered Materials 712 | -9/Materials | Evolved 2 slots: Propulsion x1, Weapon x1 847 | -9/Materials | Lost 6 parts (1p2n3w) 939 | -9/Materials | Core integrity fell below 50% 985 | -9/Materials | Core integrity fell below 20% 997 | -9/Materials | Lost 10 parts (1p3n6w) 1007 | -9/Materials | Destroyed by G-34 Mercenary with Small Laser Last Messages --------------- Y-45 Defender destroyed. Lgt. Treads destroyed. Y-45 Defender destroyed. Acquired Imp. Ion Engine. K-01 Serf collects debris. Com. Wheel destroyed. Acquired Welding Torch. Welding Torch destroyed. G-47 Trooper destroyed. Spread Laser destroyed. Welding Torch destroyed. Acquired Welding Torch. Welding Torch destroyed. R-06 Scavenger collects Aluminum Leg. Welding Torch destroyed. Acquired 41 matter. R-06 Scavenger collects Imp. Heat Sink. Aluminum Leg destroyed. Imp. Ion Engine destroyed. U-05 Engineer lays Concrete. Map ----- +----------------------------------------------------+ | ????????????????????????????????????############ | | ????????????????????????????????????# + | | ????????????????????????????????????# = ####### | | ????????????????????????????????????# %""" #?????? | | ????????????????????????????????????# """ #?????? | | ????????????????????????????????????# !""" ####### | | ????????????????????????????????????#!%! + | | ????????????????????????????????????###/########## | | ??????????????????????????########### #??????? | | ??????????????????????????# = # #??????? | | ??????????????????????????# / #??????? | | ?????????????????????? / # #??????? | | ?????????????? ?????????## """ ""??# #??????? | | ??????????????? ????????????""" ""??### ###??????? | | ??????????????? ????????????"? ""????# #????????? | | ???????????????"" ????????????? ??### ###??????? | | ??????????????""" ???????????? ??# #??????? | | ??????????? ? """ #############+#### #??????? | | ??????????# u""" T +??????? | | ??????????# ### #??????? | | ??????????# r #?# #??????? | | ??????????????""" #######+##?## ##??????? | | ??????????????""" g # #??# #???????? | | ??????????????""" g# """ #??# ??????? | | ??????????????""" # """ #??# ?????? | | ?????????+ @ """ #??# ????? | | ?????????# # #??###### ???? | | ?????????? # | #???????? #??? | | ?????????? ########### | #????????? #??? | | ??????????? ???????????# | | #????????? #??? | | ???????????? ????????????# ! #??????????????? | | ?????????????????????????##########??????????????? | | ?????????????????????????????????????????????????? | | ?????????????????????????????????????????????????? | | ?????????????????????????????????????????????????? | | ?????????????????????????????????????????????????? | | ?????????????????????????????????????????????????? | | ?????????????????????????????????????????????????? | | ?????????????????????????????????????????????????? | | ?????????????????????????????????????????????????? | | ?????????????????????????????????????????????????? | | ?????????????????????????????????????????????????? | | ?????????????????????????????????????????????????? | | ?????????????????????????????????????????????????? | | ?????????????????????????????????????????????????? | | ?????????????????????????????????????????????????? | | ?????????????????????????????????????????????????? | | ?????????????????????????????????????????????????? | | ?????????????????????????????????????????????????? | | ?????????????????????????????????????????????????? | +----------------------------------------------------+ Best States ------------- Heat Dissipation 28 Energy Generation 12 Energy Capacity 265 Matter Stores 300 Matter Capacity 300 Sight Range 16 Terrain Scan Density 10 ECM Strength 1 Armor Coverage 150 Evasion (%) 40 Recoil Reduction 2 Item Schematics ----------------- None Robot Schematics ------------------ None Fabricated ------------ Nothing Alien Tech Used ----------------- None Achievements -------------- None Challenges ------------ None Game ------ Seed MachineActuatorSword Manual? 0 Play Time 00:13:01 Cumulative 6.1 hours Start 2021.07.07 @ 18:26:52 End 2021.07.07 @ 18:39:30 Sessions 1 Manual Loads 0 Difficulty Rogue Special Mode None Game No. 9 Rogue 9 Adventurer 0 Explorer 0 Win Type - Total 0 Types 0/0/0/0/0/0/0/0/0 Lore% 7 Gallery% 11 Achievement% 10 Wizard Run 0 Options --------- ASCII 0 Keyboard 0 Movement Numpad Keybinds 0 Fullscreen 1 Font 16/Smallcaps Map View 50x54 Tactical HUD 0 Map Filters NONE Filters NONE Steam 1 RUN: 38b12330-040f-422e-80f8-cbd44cc8667b